 Dungeon Crawl Stone Soup version 0.27.1-2-g3b301248ec (webtiles) character file.

Game seed: 1901601018026324589

105 pkoi the Carver (level 4, 0/37 HPs)
             Began as a Minotaur Gladiator on Sept 28, 2021.
             Was a Believer of Zin.
             Killed from afar by Sigmund (8 damage)
             ... with a magic dart
             ... on level 2 of the Dungeon.
             The game lasted 00:01:44 (1190 turns).

pkoi the Carver (Minotaur Gladiator)                Turns: 1190, Time: 00:01:45

Health: 0/37       AC:  4    Str: 20    XL:     4   Next: 53%
Magic:  1/3        EV: 12    Int:  6    God:    Zin [**....]
Gold:   102        SH:  0    Dex: 13    Spells: 2/3 levels left

rFire    . . .     SeeInvis .   a - +0 long sword
rCold    . . .     Faith    .   (no shield)
rNeg     + . .     Spirit   .   b - +0 leather armour
rPois    ∞         Reflect  .   c - +0 hat
rElec    .         Harm     .   (no cloak)
rCorr    .         Rampage  .   (no gloves)
Will     .....                  e - +0 pair of boots
Stlth    +.........             (no amulet)
HPRegen  0.12/turn              h - ring of positive energy
MPRegen  0.08/turn              o - ring of poison resistance

@: vitalised
A: horns 2, retaliatory headbutt
a: Renounce Religion, Recite, Vitalisation, Donate Gold


You were on level 2 of the Dungeon.
You worshipped Zin.
Zin was pleased with you.
You visited 1 branch of the dungeon, and saw 2 of its levels.

You collected 113 gold pieces.
You donated 11 gold pieces to Zin.

Inventory:

Hand Weapons
 a - a +0 long sword (weapon)
 n - a +0 dagger of venom
Missiles
 d - 3 throwing nets (quivered)
 i - 8 poisoned darts
Armour
 b - a +0 leather armour (worn)
 c - a +0 hat (worn)
 e - a +0 pair of boots (worn)
Jewellery
 h - a ring of positive energy (left hand)
 o - a ring of poison resistance (right hand)
Scrolls
 f - a scroll of identify
 g - 2 scrolls of teleportation
 m - a scroll of fog
Potions
 j - a potion of curing


   Skills:
 + Level 2.7 Fighting
 * Level 12.9 Long Blades
 - Level 2.0 Throwing
 + Level 1.0 Armour
 + Level 3.5 Dodging
 + Level 0.5 Invocations


You had 2 spell levels left.
You knew the following spells:

 Your Spells              Type           Power      Damage    Failure   Level
a - Apportation           Tloc           0%         N/A       52%         1

Your spell library contained the following spells:

 Spells                   Type           Power      Damage    Failure   Level
 Animate Skeleton         Necr           0%         N/A       52%         1
 Corona                   Hex            0%         N/A       52%         1
 Freeze                   Ice            0%         1d3       52%         1
 Summon Small Mammal      Summ           0%         N/A       52%         1
 Frozen Ramparts          Ice            0%         1d2       87%         3
 Hailstorm                Conj/Ice       0%         3d3       99%         4


Dungeon Overview and Level Annotations

Branches:
Dungeon (2/15)

Altars:
Zin

Annotations:
D:2 Sigmund


Innate Abilities, Weirdness & Mutations

You have a pair of horns on your head.
You reflexively headbutt those who attack you in melee.


Message History

An endoplasm is nearby!
An endoplasm is nearby!
Sigmund the Dreaded comes into view.
He is wielding a +0 scythe and wearing a +2 robe of cold resistance.
Sigmund shouts!
The endoplasm quivers.
Sigmund says, "You will soon forget everything."
The endoplasm misses you.
You slash the endoplasm!
You kill the endoplasm!
Sigmund hits you but does no damage.
Your Armour skill increases to level 1!
Sigmund casts a spell.
Sigmund flickers and vanishes!
Deactivating autopickup; reactivate with Ctrl-A.
No target in view!
It was a potion of experience.
You feel more experienced!
Your Long Blades skill gained 8 levels and is now at level 12!
You have reached level 4!
You feel agile. Something hits you!
You barely miss something. You closely miss something. You headbutt something!
Something hits you!
* * * LOW HITPOINT WARNING * * *
You barely miss something. You miss something.
Something hits you but does no damage.
You slash something! You headbutt something! You completely miss something.
Your headbutt misses something. Something hits you!
* * * LOW HITPOINT WARNING * * *
You miss something. Zin grants you divine stamina.
Something hits you but does no damage.
You hear some strange, mumbled words.
Something tries to affect you, but you resist.
You hear some strange, mumbled words.
Your divine stamina protects you from confusion!
A magic dart appears from out of thin air!
The magic dart hits you!
You die...

#......#########
#####....#
######.........#
###### #....#
#########.# #....#
#....# #...#
#.##.###.#'#.
#.#####.##...#.#.#.
#........###.###.#.
#........# #...(.##
######.>......#
#######
#......@......#
#.............#
#.............#
######
#.......#######
#.†..# #...{...#
#.##.###
#####.......#
#.##...#
#...........#
#.####.#
#...........#
#######....#.#
#.(......####
#......##....#


There were no monsters in sight!

Vanquished Creatures
  2 adders (D:2)
  8 endoplasms
  A giant cockroach (D:1)
  4 goblins
  3 hobgoblins
  2 quokkas (D:1)
  A ball python (D:2)
  2 bats (D:1)
  A kobold (D:1)
  4 rats
28 creatures vanquished.

Notes
Turn   | Place    | Note
-------+----------+-------------------------------------------
     0 | D:1      | pkoi the Minotaur Gladiator began the quest for the Orb.
     0 | D:1      | Reached XP level 1. HP: 18/18 MP: 0/0
    87 | D:1      | Reached skill level 4 in Long Blades
   117 | D:1      | Found a faded altar of an unknown god.
   130 | D:1      | Became a worshipper of Zin the Law-Giver
   130 | D:1      | Reached * piety under Zin
   188 | D:1      | Reached XP level 2. HP: 25/25 MP: 1/1
   200 | D:1      | Reached ** piety under Zin
   675 | D:2      | Reached XP level 3. HP: 30/30 MP: 2/2
   978 | D:2      | Learned a level 1 spell: Apportation
  1169 | D:2      | Noticed Sigmund
  1173 | D:2      | Reached skill level 1 in Armour
  1174 | D:2      | Reached skill level 12 in Long Blades
  1174 | D:2      | Reached XP level 4. HP: 37/37 MP: 3/3
  1190 | D:2      | Killed from afar by Sigmund

Illustrated notes

Levels and vault maps discovered:
D:1:      minmay_arrival_nine_rooms, layout_basic, ebering_ecumenical_altar_hall
D:2:      layout_basic, uniq_sigmund

Skill      XL: |  1  2  3 |
---------------+----------+-----
Long Blades    | 4 12 | 12.9
Armour         | 1 |  1.0
Fighting       | |  2.7
Throwing       | |  2.0
Dodging        | |  3.5
Invocations    | |  0.5

Action                   |  1- 3 |  4- 6 || total
-------------------------+-------+-------++-------
Melee: Long sword        |    43 |     7 ||    50
       Headbutt          |     9 |     2 ||    11
Invok: Vitalisation      |       |     1 ||     1
  Use: Scroll            |     4 |       ||     4
       Potion            |     1 |       ||     1
 Stab: Sleeping          |     1 |       ||     1
Armor: Leather armour    |    15 |     2 ||    17
Dodge: Dodged            |    22 |       ||    22
       Rpst.: Long sword |     8 |       ||     8
